US try not to be a broken faction

Match 29569720
End
Kradschützen Motorcycle Team
Panzergrenadier Squad
250 Light Carrier
Panzerpioneer Squad
Construct Light Support Kompanie
Selects Armored Support Battlegroup
Selects Superior Fire Drills
Combat Half-tracks
MG34 Team
Panzerjäger Mechanized Group
Construct Mechanized Kompanie
Elite_1650
Lardt
0
0

Comments sign in to comment!

‡ WoodenHedgehog ‡ 5 months ago

Looks like DAK needs a nerf